 Dungeon Crawl Stone Soup version 0.21.1-1-g345015f (webtiles) character file.

34618 empire the Nimble (level 13, -4/102 HPs)
             Began as a Gnoll Gladiator on Mar 27, 2018.
             Was the Champion of Cheibriados.
             Slain by a death yak (21 damage)
             ... on level 3 of the Lair of Beasts on Mar 28, 2018.
             The game lasted 00:59:09 (13299 turns).

empire the Nimble (Gnoll Gladiator)                Turns: 13299, Time: 00:59:09

Health: -4/102     AC: 14    Str: 33    XL:     13   Next: 78%
Magic:  12/25      EV: 25    Int: 29    God:    Cheibriados [******]
Gold:   273        SH: 11    Dex: 37    Spells: 13/28 levels left

rFire    . . .     SeeInvis .   a - +4 war axe (chop)
rCold    + . .     Gourm    .   e - +2 buckler
rNeg     . . .     Faith    .   X - +0 ring mail {rC+}
rPois    +         Spirit   .   Z - +1 helmet
rElec    .         Reflect  .   W - +2 cloak {rPois}
rCorr    .         Harm     +   (no gloves)
MR       .....                  Y - +0 pair of boots
Stlth    ++++++....             j - amulet of harm
HPRegen  1.27/turn              E - +5 ring of dexterity
MPRegen  0.19/turn              m - ring of stealth

@: infused, very slightly contaminated, regenerating, invisible, very slow
A: distributed training, fangs 1, hooves 1, mutation resistance 1, strong nose
a: Bend Time, Temporal Distortion, Slouch, Step From Time, Renounce Religion


You were on level 3 of the Lair of Beasts.
You worshipped Cheibriados.
Cheibriados was exalted by your worship.
You were not hungry.

You visited 3 branches of the dungeon, and saw 16 of its levels.
You also visited: Volcano.

You collected 725 gold pieces.
You spent 452 gold pieces at shops.

Inventory:

Hand Weapons
 a - a +4 war axe of chopping (weapon)
 b - a +0 blowgun
 i - a +2 shortbow of flaming
 v - a +2 great mace of flaming
 x - a +0 glaive of flaming
 y - a +1 great mace of flaming
 A - a +1 fustibalus of flaming
 C - a +1 great mace of flaming
 D - the cursed +1 spear of Fuez {flame, +Inv +Fly rElec Int-4, unknown}
   (You found it on level 3 of the Lair of Beasts)

   It has been specially enchanted to burn those struck by it, causing extra
   injury to most foes and up to half again as much damage against particularly
   susceptible opponents.
   It affects your intelligence (-4).
   It insulates you from electricity.
   It lets you turn invisible.
   It lets you fly.
   It has a curse placed upon it.
 G - a +4 dire flail
 K - a +0 quarterstaff of flaming
 O - a +0 glaive of flaming
Missiles
 g - 8 javelins (quivered)
 u - 43 poisoned needles
 H - 6 needles of paralysis
 J - 6 curare-tipped needles
Armour
 e - a +2 buckler (worn)
 U - a cursed +0 leather armour
 W - a +2 cloak of poison resistance (worn)
 X - a +0 ring mail of cold resistance (worn)
 Y - a +0 pair of boots (worn)
 Z - a +1 helmet (worn)
Jewellery
 j - an amulet of harm (around neck)
 m - a ring of stealth (right hand)
 o - an uncursed ring of protection from fire
 z - an uncursed ring of resist corrosion
 E - a +5 ring of dexterity (left hand)
Wands
 c - a wand of acid (5)
 w - a wand of paralysis (8)
 F - a wand of digging (25)
 Q - a wand of flame (26)
 V - a wand of disintegration (8)
Scrolls
 l - 5 scrolls of remove curse
 n - a scroll of fog
 p - 2 scrolls of magic mapping
 r - 7 scrolls of teleportation
 R - a scroll of blinking
Potions
 h - a potion of resistance {unknown}
 k - a potion of berserk rage {unknown}
 q - 2 potions of agility
 s - a potion of brilliance
 t - 2 potions of curing
 B - a potion of cancellation {unknown}
 I - a potion of might
 L - a potion of invisibility
 M - 5 potions of flight
 S - 3 potions of ambrosia
Books
 N - a book of Debilitation

   Spells                             Type                      Level
   a - Corona                         Hexes                        1
   b - Slow                           Hexes                        2
   c - Inner Flame                    Hexes/Fire                   3
   d - Portal Projectile              Hexes/Translocation          3
   e - Cause Fear                     Hexes                        4
   f - Leda's Liquefaction            Hexes/Earth                  4
 P - a book of the Earth

   Spells                             Type                      Level
   a - Leda's Liquefaction            Hexes/Earth                  4
   b - Bolt of Magma                  Conjuration/Fire/Earth       5
   c - Statue Form                    Transmutation/Earth          6
   d - Iron Shot                      Conjuration/Earth            6
   e - Shatter                        Earth                        9
 T - a book of Enchantments

   Spells                             Type                      Level
   a - Cause Fear                     Hexes                        4
   b - Yara's Violent Unravelling     Hexes/Transmutation          5
   c - Silence                        Hexes/Air                    5
   d - Deflect Missiles               Charms/Air                   6
   e - Discord                        Hexes                        8
Comestibles
 f - 27 rations


   Skills:
 + Level 9.6 Fighting
 + Level 8.4 Short Blades
 + Level 8.4 Long Blades
 + Level 10.6 Axes
 + Level 8.4 Maces & Flails
 + Level 8.4 Polearms
 + Level 8.4 Staves
 + Level 8.4 Slings
 + Level 8.4 Bows
 + Level 8.4 Crossbows
 + Level 9.6 Throwing
 + Level 8.4 Armour
 + Level 10.6 Dodging
 + Level 8.4 Stealth
 + Level 8.4 Shields
 + Level 8.4 Unarmed Combat
 + Level 8.4 Spellcasting
 + Level 7.0 Conjurations
 + Level 7.0 Hexes
 + Level 7.0 Charms
 + Level 7.0 Summonings
 + Level 7.0 Necromancy
 + Level 7.0 Translocations
 + Level 7.0 Transmutations
 + Level 7.0 Fire Magic
 + Level 7.0 Ice Magic
 + Level 7.0 Air Magic
 + Level 7.0 Earth Magic
 + Level 7.0 Poison Magic
 + Level 9.2 Invocations
 + Level 8.4 Evocations


You had 13 spell levels left.
You knew the following spells:

 Your Spells              Type           Power        Failure   Level  Hunger
a - Shroud of Golubria    Chrm/Tloc      ######....   1%          2    None
b - Infusion              Chrm           ####         1%          1    None
c - Regeneration          Chrm/Necr      ######....   1%          3    None
d - Lee's Rapid Deconstr  Erth           ######....   9%          5    ####...
e - Summon Ice Beast      Ice/Summ       ######..     3%          4    #......


Dungeon Overview and Level Annotations

Branches:
Dungeon (12/15)            Temple (1/1) D:5            Lair (3/6) D:10
  Snake (0/4) Lair:2          Orc (0/2) D:10
  Swamp: Lair:2-4    Shoals: Lair:2-4

Altars:
Ashenzari
Cheibriados
Dithmenos
Elyvilon
Fedhas
Gozag
Hepliaklqana
Kikubaaqudgha
Makhleb
Nemelex Xobeh
Okawaru
Qazlal
Ru
Sif Muna
Trog
Uskayaw
Vehumet
Wu Jian
Xom
Yredelemnul
Zin
The Shining One

Shops:
D:5 **:   D:11 *


Innate Abilities, Weirdness & Mutations

Your experience applies equally to all skills.
You have very sharp teeth.
Your uncanny sense of smell can sniff out nearby items.
You have large cloven feet.
You are somewhat resistant to further mutation.


Message History

Your shroud falls apart!
You block the death yak's attack.
You feel better. The death yak barely misses you.
The death yak completely misses you. The death yak closely misses you.
You fade into invisibility!
You block the death yak's attack. The death yak completely misses you. x2
You are very lightly contaminated with residual magic.
You slice the death yak!!
You kill the death yak!
Cheibriados appreciates the change of pace.
You hit the death yak but do no damage.
You catch the helpless death yak completely off-guard!
You hit the death yak but do no damage.
The death yak gores you but does no damage.
You catch the helpless death yak completely off-guard!
You hit the death yak.
The death yak is heavily wounded.
You hit the death yak but do no damage. The death yak misses you.
The death yak gores you!!
You die...

##... ∆.=.. #...
..# ##.# #..## #.#
####..#
#...##Y....##
#....Y@.....# #
##.###Y#...## ##.
####.## ###.. #.##
#...#
#.P########....
##..#P..##.....#
#P........[....#
####...##.##....##
#................P#


You could see 3 death yaks.

Vanquished Creatures
  Fannar (Lair:1)
  2 hydras
  4 two-headed ogres
  3 death yaks
  Erica (Lair:1)
  A phantasmal warrior (D:11)
  A salamander (Volcano)
  2 ugly things (D:11)
  Maurice (D:8)
  8 elephants
  A black mamba (Lair:1)
  4 spiny frogs
  A torpor snail (Lair:2)
  A polar bear (Lair:3)
  A troll (D:10)
  A hornet (D:10)
  Grinder (D:6)
  2 dream sheep (D:8)
  7 hippogriffs
  3 blink frogs (Lair:3)
  12 spriggans (Lair:2)
  Sigmund (D:3)
  15 yaks
  2 wraiths (D:10)
  4 basilisks
  A fire bat (Volcano)
  Eustachio (D:5)
  2 vampire mosquitoes (D:10)
  Menkaure (D:5)
  2 nagas (Lair:2)
  3 hell hounds (Volcano)
  6 water moccasins
  3 ice beasts
  3 black bears
  5 orc warriors
  3 porcupines
  3 sky beasts
  A necrophage (D:5)
  3 phantoms
  9 wolves
  9 ogres
  6 centaurs
  5 big kobolds
  3 crocodiles
  4 gnoll sergeants (D:10)
  14 bullfrogs
  A wyvern skeleton (D:11)
  3 scorpions
  74 killer bees
  7 wights
  A howler monkey (D:6)
  An electric eel (Lair:1)
  A bullfrog zombie (D:5)
  2 crimson imps (D:6)
  A quasit (D:5)
  2 hounds
  A gnoll shaman (D:7)
  A jelly (D:9)
  11 orc wizards
  Crazy Yiuf (D:5)
  2 centaur skeletons
  6 orc priests
  A bullfrog skeleton (D:11)
  2 iguanas (D:4)
  8 worker ants
  2 hound zombies (D:7)
  7 gnolls
  16 adders
  A shadow imp (D:8)
  An ooze (D:1)
  2 adder zombies
  An adder skeleton (D:4)
  3 worms
  2 dart slugs (D:2)
  9 leopard geckos
  56 orcs
  6 bats
  4 giant cockroaches
  6 goblins
  10 hobgoblins
  8 jackals
  5 kobolds
  4 quokkas
  3 ball pythons
  7 frilled lizards
  A leopard gecko skeleton (D:5)
  12 rats
  A fungus (D:10)
  5 plants
465 creatures vanquished.

Vanquished Creatures (collateral kills)
  Erolcha (D:10)
  A troll (D:9)
  A hippogriff (D:10)
  A crimson imp (D:9)
  An orc priest (D:9)
  An orc (D:9)
6 creatures vanquished.

Vanquished Creatures (others)
  A two-headed ogre (Volcano)
  9 fungi
  8 plants
  6 toadstools (Lair:3)
24 creatures vanquished.

Grand Total: 495 creatures vanquished

Notes
Turn   | Place    | Note
-------+----------+-------------------------------------------
     0 | D:1      | empire the Gnoll Gladiator began the quest for the Orb.
     0 | D:1      | Reached XP level 1. HP: 20/20 MP: 1/1
    93 | D:1      | Reached XP level 2. HP: 15/26 MP: 2/2
   255 | D:1      | Reached XP level 3. HP: 28/31 MP: 3/3
   597 | D:2      | Noticed a black bear
   604 | D:2      | Killed a black bear
   604 | D:2      | Reached skill level 1 in Short Blades
   604 | D:2      | Reached skill level 1 in Long Blades
   604 | D:2      | Reached skill level 1 in Maces & Flails
   604 | D:2      | Reached skill level 1 in Polearms
   604 | D:2      | Reached skill level 1 in Staves
   604 | D:2      | Reached skill level 1 in Slings
   604 | D:2      | Reached skill level 1 in Bows
   604 | D:2      | Reached skill level 1 in Crossbows
   604 | D:2      | Reached skill level 1 in Armour
   604 | D:2      | Reached skill level 1 in Stealth
   604 | D:2      | Reached skill level 1 in Shields
   604 | D:2      | Reached skill level 1 in Unarmed Combat
   604 | D:2      | Reached skill level 1 in Spellcasting
   604 | D:2      | Reached skill level 1 in Conjurations
   604 | D:2      | Reached skill level 1 in Hexes
   604 | D:2      | Reached skill level 1 in Charms
   604 | D:2      | Reached skill level 1 in Summonings
   604 | D:2      | Reached skill level 1 in Necromancy
   604 | D:2      | Reached skill level 1 in Translocations
   604 | D:2      | Reached skill level 1 in Transmutations
   604 | D:2      | Reached skill level 1 in Fire Magic
   604 | D:2      | Reached skill level 1 in Ice Magic
   604 | D:2      | Reached skill level 1 in Air Magic
   604 | D:2      | Reached skill level 1 in Earth Magic
   604 | D:2      | Reached skill level 1 in Poison Magic
   604 | D:2      | Reached skill level 1 in Invocations
   604 | D:2      | Reached skill level 1 in Evocations
   604 | D:2      | Reached XP level 4. HP: 28/38 MP: 4/6
   604 | D:2      | Reached XP level 5. HP: 32/43 MP: 4/7
   743 | D:2      | Found a stormy altar of Qazlal.
  1242 | D:3      | Reached XP level 6. HP: 39/50 MP: 8/8
  1286 | D:3      | Found a glowing golden altar of the Shining One.
  1632 | D:3      | Noticed Sigmund
  1657 | D:3      | Gained mutation: You have large cloven feet. [potion of mutation]
  1657 | D:3      | Gained mutation: You are somewhat resistant to further mutation. [potion of mutation]
  1658 | D:3      | Killed Sigmund
  1658 | D:3      | Reached skill level 5 in Fighting
  1658 | D:3      | Reached skill level 5 in Throwing
  1658 | D:3      | Reached XP level 7. HP: 22/56 MP: 8/10
  1895 | D:3      | Found a hazy altar of Hepliaklqana.
  1983 | D:3      | Found a shattered altar of Ashenzari.
  1993 | D:3      | Found an ornate altar of the Wu Jian Council.
  1993 | D:3      | Found a deep blue altar of Sif Muna.
  2002 | D:3      | Found an opulent altar of Gozag.
  2002 | D:3      | Found a radiant altar of Vehumet.
  3449 | D:4      | Reached XP level 8. HP: 63/63 MP: 12/12
  3535 | D:5      | Entered Level 5 of the Dungeon
  3556 | D:5      | Found Ellae's Assorted Antiques.
  3558 | D:5      | Found a staircase to the Ecumenical Temple.
  3578 | Temple   | Entered the Ecumenical Temple
  3626 | Temple   | Became a worshipper of Cheibriados the Contemplative
  3667 | D:5      | Bought a scroll labeled HOUTAU CUIDD for 26 gold pieces
  3667 | D:5      | Bought a scroll labeled ZASCHA KYOX for 26 gold pieces
  3695 | D:5      | Found Ler Gikh's Assorted Antiques.
  3703 | D:5      | Bought a scroll labeled ZASCHA KYOX for 29 gold pieces
  3703 | D:5      | Bought a scroll labeled ZASCHA KYOX for 29 gold pieces
  3703 | D:5      | Bought a scroll labeled CALAYXICADD for 29 gold pieces
  3703 | D:5      | Bought a scroll labeled AGGOTW AS CAOMM for 29 gold pieces
  3703 | D:5      | Bought a scroll labeled DIR LOTEIMICAE for 29 gold pieces
  3712 | D:5      | Noticed Menkaure
  3719 | D:5      | Killed Menkaure
  3913 | D:5      | Noticed Eustachio
  3948 | D:5      | Killed Eustachio
  4200 | D:5      | Found a runed door.
  4404 | D:5      | Found Fyuhogor's Book Shoppe.
  4724 | D:5      | Noticed Crazy Yiuf
  4731 | D:5      | Killed Crazy Yiuf
  5079 | D:6      | Found a shadowy altar of Dithmenos.
  5164 | D:6      | Found a hazy altar of Hepliaklqana.
  5227 | D:6      | Reached * piety under Cheibriados
  5292 | D:6      | Noticed Grinder
  5300 | D:6      | Reached XP level 9. HP: 50/69 MP: 14/14
  5311 | D:6      | Killed Grinder
  5602 | D:6      | Got a warped whip
  5751 | D:7      | Reached ** piety under Cheibriados
  5986 | D:7      | Noticed a two-headed ogre
  6009 | D:7      | Killed a two-headed ogre
  6009 | D:7      | Reached skill level 5 in Invocations
  6009 | D:7      | Reached XP level 10. HP: 34/77 MP: 13/17
  6481 | D:8      | Reached *** piety under Cheibriados
  6486 | D:7      | Reached skill level 5 in Short Blades
  6486 | D:7      | Reached skill level 5 in Long Blades
  6486 | D:7      | Reached skill level 5 in Maces & Flails
  6486 | D:7      | Reached skill level 5 in Polearms
  6486 | D:7      | Reached skill level 5 in Staves
  6486 | D:7      | Reached skill level 5 in Slings
  6486 | D:7      | Reached skill level 5 in Bows
  6486 | D:7      | Reached skill level 5 in Crossbows
  6486 | D:7      | Reached skill level 5 in Armour
  6486 | D:7      | Reached skill level 5 in Stealth
  6486 | D:7      | Reached skill level 5 in Shields
  6486 | D:7      | Reached skill level 5 in Unarmed Combat
  6486 | D:7      | Reached skill level 5 in Spellcasting
  6486 | D:7      | Reached skill level 5 in Evocations
  6928 | D:8      | Learned a level 2 spell: Shroud of Golubria
  6930 | D:8      | Learned a level 1 spell: Infusion
  6934 | D:8      | Learned a level 3 spell: Regeneration
  7019 | D:8      | Noticed Maurice
  7028 | D:8      | Reached **** piety under Cheibriados
  7107 | D:8      | Killed Maurice
  7113 | D:8      | Identified the +9 whip "Siericlopra" {antimagic, rN+ Str+2 Stlth+} (You found it on level 6 of the Dungeon)
  7268 | D:8      | Noticed a three-headed hydra
  7277 | D:8      | Reached XP level 11. HP: 30/84 MP: 19/19
  7278 | D:8      | Killed a three-headed hydra
  7810 | D:9      | Reached ***** piety under Cheibriados
  7820 | D:9      | Identified a scroll of acquirement
  7892 | D:9      | Reached skill level 5 in Conjurations
  7892 | D:9      | Reached skill level 5 in Hexes
  7892 | D:9      | Reached skill level 5 in Charms
  7892 | D:9      | Reached skill level 5 in Summonings
  7892 | D:9      | Reached skill level 5 in Necromancy
  7892 | D:9      | Reached skill level 5 in Translocations
  7892 | D:9      | Reached skill level 5 in Transmutations
  7892 | D:9      | Reached skill level 5 in Fire Magic
  7892 | D:9      | Reached skill level 5 in Ice Magic
  7892 | D:9      | Reached skill level 5 in Air Magic
  7892 | D:9      | Reached skill level 5 in Earth Magic
  7892 | D:9      | Reached skill level 5 in Poison Magic
  8089 | D:9      | Noticed a moth of wrath
  8092 | D:9      | Found a bloodstained altar of Trog.
  8276 | D:10     | Entered Level 10 of the Dungeon
  8392 | D:10     | Noticed a two-headed ogre
  8399 | D:10     | Killed a two-headed ogre
  8429 | D:10     | Noticed Erolcha
  8460 | D:10     | Killed Erolcha
  8487 | D:10     | Found a staircase to the Lair.
  8981 | D:10     | Found a staircase to the Orcish Mines.
  9326 | D:11     | Noticed a brown ugly thing
  9340 | D:11     | Killed a brown ugly thing
  9340 | D:11     | Reached ****** piety under Cheibriados
  9344 | D:11     | Noticed a brown ugly thing
  9347 | D:11     | Reached XP level 12. HP: 17/93 MP: 11/22
  9486 | D:11     | Found Takliupn's General Store.
  9525 | D:11     | Bought a scroll of identify for 26 gold pieces
  9525 | D:11     | Bought a scroll of teleportation for 39 gold pieces
  9525 | D:11     | Bought a scroll of enchant weapon for 97 gold pieces
  9525 | D:11     | Bought a +0 war axe of chopping for 93 gold pieces
  9799 | D:12     | Noticed a death knight
 10020 | Lair:1   | Entered Level 1 of the Lair of Beasts
 10472 | Temple   | Learned a level 5 spell: Lee's Rapid Deconstruction
 10479 | Temple   | Learned a level 4 spell: Summon Ice Beast
 10594 | Lair:1   | Noticed Fannar
 10603 | Lair:1   | Killed Fannar
 10751 | Lair:1   | Noticed Erica
 10756 | Lair:1   | Killed Erica
 11333 | Lair:2   | Found a dark tunnel.
 11338 | Volcano  | Entered a volcano
 11349 | Volcano  | Noticed a two-headed ogre
 11362 | Volcano  | Killed a two-headed ogre
 11464 | Volcano  | Noticed a two-headed ogre
 11464 | Volcano  | Noticed a two-headed ogre
 11471 | Volcano  | Killed a two-headed ogre
 11477 | Volcano  | Killed a two-headed ogre
 11477 | Volcano  | Reached skill level 10 in Axes
 11477 | Volcano  | Reached skill level 10 in Dodging
 11750 | Lair:2   | Noticed a death yak
 11766 | Lair:2   | Killed a death yak
 11795 | Lair:2   | Reached XP level 13. HP: 63/101 MP: 24/24
 12511 | Lair:2   | Found a staircase to the Snake Pit.
 13188 | Lair:3   | Got a bloodstained spear
 13295 | Lair:3   | HP: 2/101 [death yak (27)]
 13299 | Lair:3   | Slain by a death yak

Skill      XL: |  1  2  3  4  5  6  7  8  9 10 11 12 13 |
---------------+----------------------------------------+-----
Short Blades   | 1 2 3 4 5 6 7 8 |  8.4
Long Blades    | 1 2 3 4 5 6 7 8 |  8.4
Maces & Flails | 1 2 3 4 5 6 7 8 |  8.4
Polearms       | 1 2 3 4 5 6 7 8 |  8.4
Staves         | 1 2 3 4 5 6 7 8 |  8.4
Slings         | 1 2 3 4 5 6 7 8 |  8.4
Bows           | 1 2 3 4 5 6 7 8 |  8.4
Crossbows      | 1 2 3 4 5 6 7 8 |  8.4
Armour         | 1 2 3 4 5 6 7 8 |  8.4
Stealth        | 1 2 3 4 5 6 7 8 |  8.4
Shields        | 1 2 3 4 5 6 7 8 |  8.4
Unarmed Combat | 1 2 3 4 5 6 7 8 |  8.4
Spellcasting   | 1 2 3 4 5 6 7 8 |  8.4
Conjurations   | 1 2 3 4 5 6 7 |  7.0
Hexes          | 1 2 3 4 5 6 7 |  7.0
Charms         | 1 2 3 4 5 6 7 |  7.0
Summonings     | 1 2 3 4 5 6 7 |  7.0
Necromancy     | 1 2 3 4 5 6 7 |  7.0
Translocations | 1 2 3 4 5 6 7 |  7.0
Transmutations | 1 2 3 4 5 6 7 |  7.0
Fire Magic     | 1 2 3 4 5 6 7 |  7.0
Ice Magic      | 1 2 3 4 5 6 7 |  7.0
Air Magic      | 1 2 3 4 5 6 7 |  7.0
Earth Magic    | 1 2 3 4 5 6 7 |  7.0
Poison Magic   | 1 2 3 4 5 6 7 |  7.0
Invocations    | 1 2 3 4 5 6 7 8 9 |  9.2
Evocations     | 1 2 3 4 5 6 7 8 |  8.4
Fighting       | 5 6 7 8 9 |  9.6
Throwing       | 5 6 7 8 9 |  9.6
Axes           | 7 8 9 10 | 10.6
Dodging        | 7 8 9 10 | 10.6

Action                   |  1- 3 |  4- 6 |  7- 9 | 10-12 | 13-15 || total
-------------------------+-------+-------+-------+-------+-------++-------
Melee: War axe           |    80 |    89 |   301 |   432 |   182 ||  1084
       Bite              |    10 |    11 |    56 |   103 |    42 ||   222
       Punch             |       |     1 |     5 |    20 |       ||    26
 Fire: Blowgun           |       |       |       |     4 |       ||     4
Throw: Throwing net      |       |       |     3 |       |     2 ||     5
       Tomahawk          |       |       |     2 |       |       ||     2
       Javelin           |       |       |       |       |     3 ||     3
 Cast: Regeneration      |       |       |       |     9 |     3 ||    12
       Shroud of Golubri |       |       |       |     3 |     3 ||     6
       Infusion          |       |       |       |       |     2 ||     2
Invok: Bend Time         |       |       |     1 |       |       ||     1
       Slouch            |       |       |       |     2 |       ||     2
Evoke: Wand              |       |       |       |    33 |     4 ||    37
       Sack of spiders   |       |       |       |     9 |       ||     9
  Use: Potion            |       |     7 |     2 |    12 |     2 ||    23
       Scroll            |       |       |    12 |    19 |     1 ||    32
 Stab: Distracted        |     2 |     1 |       |       |     1 ||     4
       Sleeping          |     1 |       |     1 |    11 |     2 ||    15
       Invisible         |       |       |       |       |     2 ||     2
  Eat: Chunk             |       |     3 |    10 |     9 |     1 ||    23
       Ration            |       |       |     1 |     1 |       ||     2
Armor: Leather armour    |    15 |       |       |       |       ||    15
       Ring mail         |     3 |    19 |    75 |   134 |    80 ||   311
       Skin              |       |       |       |    12 |       ||    12
Dodge: Dodged            |    97 |    83 |   319 |   646 |   295 ||  1440
Block: Buckler           |       |       |       |    64 |   186 ||   250
